 Dungeon Crawl Stone Soup version 0.19.1-1-g22dce08 (webtiles) character file.

291 Alarkh the Chopper (level 6, 45/47 HPs)
             Began as a Demonspawn Monk on Jan 7, 2017.
             Quit the game on level 3 of the Dungeon.
             The game lasted 00:02:34 (2128 turns).

Alarkh the Chopper (Demonspawn Monk)                Turns: 2128, Time: 00:02:35

Health: 45/47      AC:  8    Str: 11    XL:     6   Next: 10%
Magic:  6/6        EV: 12    Int: 14    God:
Gold:   123        SH:  0    Dex: 17    Spells: 1 memorised, 3 levels left

rFire  + . .     SeeInvis .     g - +3 hand axe
rCold  + . .     Gourm    .     w - +0 leather armour {rPois}
rNeg   . . .     Faith    +     (no shield)
rPois  +         Spirit   .     (helmet restricted)
rElec  .         Reflect  .     k - +2 cloak {+Inv}
rCorr  .         Harm     .     m - +0 pair of gloves
MR     .....                    t - +0 pair of boots
Stlth  ++........               j - amulet of faith
                                o - ring of protection from cold
                                l - ring of protection from fire

@: no status effects
A: antennae 1, agile 1, powered by death 2, spiny 1
a: Evoke Invisibility


You were on level 3 of the Dungeon.
You were not hungry.

You visited 1 branch of the dungeon, and saw 3 of its levels.

You collected 123 gold pieces.

Inventory:

Hand Weapons
 a - a +0 hand axe
 g - a +3 hand axe (weapon)
Armour
 b - a +0 robe
 k - a +2 cloak of invisibility (worn)
 m - a +0 pair of gloves (worn)
 t - a +0 pair of boots (worn)
 w - a +0 leather armour of poison resistance (worn)
Jewellery
 j - an amulet of faith (around neck)
 l - a ring of protection from fire (left hand)
 o - a ring of protection from cold (right hand)
Wands
 q - a wand of confusion (7/48)
Scrolls
 d - a scroll of noise
 e - a scroll of identify
 h - 3 scrolls of remove curse {unknown}
 p - 2 scrolls of fear
Potions
 f - 2 potions of flight
 r - a potion of invisibility
 s - a potion of resistance
Books
 i - a book of Minor Magic

   Spells                             Type                      Level
   a - Magic Dart                     Conjuration                  1
   b - Blink                          Translocation                2
   c - Call Imp                       Summoning                    2
   d - Repel Missiles                 Charms/Air                   2
   e - Slow                           Hexes                        2
   f - Conjure Flame                  Conjuration/Fire             3
   g - Mephitic Cloud                 Conjuration/Poison/Air       3
 n - a book of Misfortune

   Spells                             Type                      Level
   a - Confusing Touch                Hexes                        1
   b - Confuse                        Hexes                        3
   c - Gell's Gravitas                Hexes/Translocation          3
   d - Petrify                        Transmutation/Earth          4
   e - Metabolic Englaciation         Hexes/Ice                    5
   f - Yara's Violent Unravelling     Hexes/Transmutation          5
Comestibles
 c - a bread ration


   Skills:
 - Level 3.0 Fighting
 + Level 6.3 Axes
 - Level 2.6 Dodging
 - Level 1.7 Stealth


You had 3 spell levels left.
You knew the following spells:

 Your Spells              Type           Power        Failure   Level  Hunger
a - Blink                 Tloc           N/A          61%         2    ###....


Dungeon Overview and Level Annotations

Branches:
Dungeon (3/15)

Altars:
Gozag


Innate Abilities, Weirdness & Mutations

You have a pair of small antennae on your head.
You regenerate health from kills.
You are partially covered in sharp spines.
You are agile. (Dex +2)


Message History

The orc priest is almost dead.
The orc priest calls down the wrath of Beogh upon you.
Beogh smites you!
* * * LOW HITPOINT WARNING * * *
You slash the orc priest!
You kill the orc priest!
You have reached level 6!
Your experience leads to an increase in your attributes!
Your base attributes are Str 11, Int 13, Dex 15.
Increase (S)trength, (I)ntelligence, or (D)exterity?
You feel clever.
Your demonic ancestry asserts itself...
Sharp spines emerge from parts of your body.
Things that are here:
a hand axe; an orc corpse; a leopard gecko corpse You start resting.
Eating one of 4 chunks of flesh.
You start eating one of the 4 chunks of flesh.
This raw flesh tastes terrible.
All of the chunks of flesh in your inventory have rotted away.
Found a stone staircase leading down.
Are you sure you want to abandon this character and quit the game? (Confirm with "yes".)

####...# #...
#....#.. #...#######
#.#####.
#.........####.# ##
## #..............# #
...#.........###### #
#...........##
########
#......)...###.......
#...@..).............
#....###.....#.....).
#...## ##......##.###
.#.## ##...........
...# ##.....#####.
.#....#####..#.....#
## > .
#.....##.####)#.## #
.. ##.##..#.## #.#..#
##.........# #.##.##


There were no monsters in sight!

Vanquished Creatures
  An ice beast (D:3)
  A hound (D:3)
  2 orc priests (D:3)
  A worker ant (D:3)
  An adder (D:3)
  An ooze (D:1)
  3 worms
  A dart slug (D:1)
  2 leopard geckos
  5 orcs (D:3)
  4 giant cockroaches
  3 goblins
  5 hobgoblins
  10 jackals
  A quokka (D:2)
  A ball python (D:3)
  5 bats
  A frilled lizard (D:2)
  7 kobolds
  4 rats
59 creatures vanquished.

Notes
Turn   | Place    | Note
-------+----------+-------------------------------------------
     0 | D:1      | Alarkh the Demonspawn Monk began the quest for the Orb.
     0 | D:1      | Reached XP level 1. HP: 18/18 MP: 1/1
   352 | D:1      | Reached skill level 3 in Axes
   360 | D:1      | Gained mutation: You regenerate a little health from kills. [demonic ancestry]
   360 | D:1      | Reached XP level 2. HP: 24/24 MP: 2/2
   741 | D:1      | Gained mutation: You regenerate health from kills. [demonic ancestry]
   741 | D:1      | Reached XP level 3. HP: 29/29 MP: 3/3
  1049 | D:2      | Learned a level 2 spell: Blink
  1125 | D:2      | Reached skill level 4 in Axes
  1622 | D:3      | Reached XP level 4. HP: 35/35 MP: 4/4
  1671 | D:3      | Noticed an ice beast
  1683 | D:3      | Killed an ice beast
  1683 | D:3      | Reached skill level 5 in Axes
  1683 | D:3      | Gained mutation: You have a pair of small antennae on your head. [demonic ancestry]
  1683 | D:3      | Reached XP level 5. HP: 22/41 MP: 5/5
  1792 | D:3      | Found an opulent altar of Gozag.
  1824 | D:3      | Gained mutation: You are agile. (Dex +2) [potion of beneficial mutation]
  1901 | D:3      | Reached skill level 6 in Axes
  1911 | D:3      | Gained mutation: You are partially covered in sharp spines. [demonic ancestry]
  1911 | D:3      | Reached XP level 6. HP: 5/47 MP: 6/6
  2128 | D:3      | Quit the game

Skill      XL: |  1  2  3  4  5 |
---------------+----------------+-----
Axes           | 3 4 5 6 |  6.3
Fighting       | |  3.0
Dodging        | |  2.6
Stealth        | |  1.7

Action                   |  1- 3 |  4- 6 || total
-------------------------+-------+-------++-------
Melee: Hand axe          |   108 |    66 ||   174
  Use: Scroll            |     4 |     2 ||     6
       Potion            |       |     3 ||     3
 Stab: Sleeping          |     2 |       ||     2
  Eat: Chunk             |     2 |     2 ||     4
Armor: Robe              |    39 |     7 ||    46
       Leather armour    |       |    16 ||    16
Dodge: Dodged            |   102 |    47 ||   149
